 Dungeon Crawl Stone Soup version 0.30.0-11-gf55b779eaf (webtiles) character file.

Game seed: 17894736013502005969

16 jlumianski the Trooper (level 2, -1/24 HPs)
             Began as a Demonspawn Fighter on May 17, 2023.
             Slain by a gnoll
             ... wielding a +0 halberd
              (11 damage)
             ... on level 1 of the Dungeon.
             The game lasted 00:01:49 (318 turns).

jlumianski the Trooper (Demonspawn Fighter)          Turns: 318, Time: 00:01:50

Health: -1/24      AC:  6    Str: 16    XL:     2   Next: 41%
Magic:  2/2        EV:  8    Int:  9    God:
Gold:   48         SH:  6    Dex: 12    Spells: 1/1 levels left

rFire   . . .        a - +0 war axe
rCold   . . .        f - +2 buckler {reflect}
rNeg    . . .        b - +0 scale mail
rPois   .            (no helmet)
rElec   .            (no cloak)
rCorr   .            (no gloves)
SInv    .            (no boots)
Will    .....        j - amulet of regeneration Stlth
                     (no ring)
HPRegen 1.04/turn    (no ring)
MPRegen 0.08/turn

%: reflection
@: no status effects
A: demonic guardian 1
a: no special abilities


You were on level 1 of the Dungeon.
You visited 1 branch of the dungeon, and saw 2 of its levels.

You collected 48 gold pieces.

Inventory:

Hand Weapons
 a - a +0 war axe (weapon)
Missiles
 i - 5 stones (quivered)
Armour
 b - a +0 scale mail (worn)
 c - a +0 buckler
 f - a +2 buckler of reflection (worn)
Jewellery
 j - an amulet of regeneration (around neck)
Scrolls
 h - a scroll of amnesia {unknown}
Potions
 d - a potion of might
 e - a potion of attraction {unknown}
 g - a potion of brilliance {unknown}


   Skills:
 + Level 3.1 Fighting
 + Level 2.0 Axes
 + Level 2.8 Armour
 + Level 0.1 Dodging
 + Level 3.0 Shields


You had one spell level left.
You didn't know any spells.
Your spell library contained the following spells:

 Spells                   Type           Power      Damage    Failure   Level
 Vhi's Electric Charge    Tloc/Air       0%         N/A       99%         3
 Arcjolt                  Conj/Air       0%         1d10      100%        5
 Maxwell's Capacitive Co  Air            0%         ∞         100%        8


Dungeon Overview and Level Annotations

Branches:
Dungeon (2/15)

Altars:


Innate Abilities, Weirdness & Mutations

A weak demonic guardian rushes to your aid.


Message History

j - an amulet of regeneration You start putting on your amulet.
You continue putting on your amulet of regeneration. x5
You finish putting on your amulet of regeneration.
The amulet throbs as it attunes itself to your uninjured body.
j - an amulet of regeneration (around neck) 2 gnolls come into view.
The gnoll shouts! x2; You hear a shout!
A hobgoblin comes into view.
The hobgoblin shouts!
There is a stone staircase leading up here.
You block the hobgoblin's attack.
You climb upwards.
There is a stone staircase leading down here.
You closely miss the hobgoblin. The hobgoblin closely misses you.
The hobgoblin hits you.
You barely miss the hobgoblin.
The hobgoblin hits you but does no damage.
You hit the hobgoblin.
The hobgoblin is moderately wounded.
The hobgoblin hits you but does no damage.
The hobgoblin closely misses you.
You slash the hobgoblin!
You kill the hobgoblin!
You see here a hobgoblin corpse.
There is a stone staircase leading down here.
You climb downwards.
There is a stone staircase leading up here.
You block the gnoll's attack.
There is a stone staircase leading up here.
The gnoll hits you with a +0 halberd!
A demonic guardian appears!
You climb upwards.
There is a stone staircase leading down here.
You hit the gnoll but do no damage. The gnoll closely misses you.
You hit the gnoll but do no damage. The gnoll hits you with a +0 halberd.
The gnoll hits you with a +0 halberd!
You barely miss the gnoll. The gnoll hits you with a +0 halberd.
You closely miss the gnoll. The gnoll barely misses you.
The gnoll hits you with a +0 halberd!
You die...

........#......#
...##.#......####.#..
...#.......... #.#.##
...... #.# ##.#..
....# #.###......
....######....###..
..................#
......#######..##.#
#.##.......# #..@†#
#.##...#######..g.#
#.###..†##
##...#..... #.#
##...###...######..
#.# ##...♣...## #.#
##.._..## .# ##...##
#...# #...#


You could see a gnoll.

Vanquished Creatures
  2 ball pythons (D:1)
  An endoplasm (D:1)
  A hobgoblin (D:1)
  3 jackals (D:1)
  2 bats (D:1)
  A frilled lizard (D:1)
  3 goblins (D:1)
  A kobold (D:1)
  A rat (D:1)
15 creatures vanquished.

Notes
Turn   | Place    | Note
-------+----------+-------------------------------------------
     0 | D:1      | jlumianski the Demonspawn Fighter began the quest for the
                  | Orb.
     0 | D:1      | Reached XP level 1. HP: 18/18 MP: 1/1
   149 | D:1      | Gained mutation: A weak demonic guardian rushes to your
                  | aid. [demonic ancestry]
   149 | D:1      | Reached XP level 2. HP: 21/24 MP: 2/2
   218 | D:1      | Found a faded altar of an unknown god.
   318 | D:1      | Slain by a gnoll

Illustrated notes

Levels and vault maps discovered:
D:1:      scummos_arrival_star, layout_rooms, serial_shops,
          nicolae_shop_advertising_works [nicolae_subvault_shop_adworks],
          hellmonk_ecumenical_altar_crossroads
D:2:      layout_loops_ring, basic_altar, kennysheep_cross_bottleneck,
          minmay_misc_feat_doors, dreamdust_mushroom_princess,
          hangedman_feature_mirror, uniq_natasha

Skill      XL: |  1 |
---------------+----+-----
Axes           | 2 |  2.0
Shields        | 3 |  3.0
Fighting       | |  3.1
Armour         | |  2.8
Dodging        | |  0.1

Action                     || total
---------------------------++-------
  Melee: War axe           ||    47
 Armour: Scale mail        ||    34
  Dodge: Dodged            ||    46
  Block: Buckler           ||    32
